 Dungeon Crawl Stone Soup version 0.31-a0-221-gbddc013574 (webtiles) character file.

Game seed: 17270512350855601742

106 qw the Chopper (level 4, -8/28 HPs)
             Began as a Gargoyle Fighter on July 4, 2023.
             Engulfed by a steam dragon's steam (10 damage)
             ... on level 7 of the Dungeon.
             The game lasted 00:01:27 (2534 turns).

qw the Chopper (Gargoyle Fighter)                   Turns: 2534, Time: 00:01:28

Health: -8/28      AC: 10    Str: 28    XL:     4   Next: 84%
Magic:  4/4        EV: 14    Int:  8    God:
Gold:   79         SH:  4    Dex:  9    Spells: 3/3 levels left

rFire   . . .        Y - +0 war axe
rCold   . . .        c - +0 buckler
rNeg    + . .        b - +0 scale mail
rPois   inf          (no helmet)
rElec   +            (no cloak)
rCorr   .            (no gloves)
SInv    .            (no boots)
Will    .....        (no amulet) Stlth
                     j - +5 ring of evasion
HPRegen 0.24/turn    o - +6 ring of strength
MPRegen 0.09/turn

%: no passive effects
@: no status effects
A: sickness immunity, AC +3, negative energy resistance 1, electricity
resistance, torment resistance 1, petrification resistance
a: no special abilities


You were on level 7 of the Dungeon.
You visited 1 branch of the dungeon, and saw 5 of its levels.

You collected 121 gold pieces.
You spent 42 gold pieces at shops.


Innate Abilities, Weirdness & Mutations

You are immune to sickness and miasma.
Your stone body is resilient. (AC +3)
You are immune to poison.
You resist negative energy. (rN+)
You are resistant to electric shocks. (rElec)
You are resistant to unholy torment.
You are immune to petrification.


   Skills:
 - Level 3.2 Fighting
 + Level 4.4 Axes
 - Level 3.2 Armour
 - Level 3.2 Shields


You had 3 spell levels left.
You didn't know any spells.
Your spell library was empty.

Inventory:

Hand Weapons
 l - a +0 flail
 Y - a +0 war axe (weapon)
Armour
 b - a +0 scale mail (worn)
 c - a +0 buckler (worn)
Jewellery
 j - a +5 ring of evasion (left hand)
 k - a ring of protection from fire
 o - a +6 ring of strength (right hand)
Scrolls
 e - a scroll of identify
 h - a scroll of poison {unknown}
Potions
 a - a potion of enlightenment {unknown}
 d - a potion of might
 f - a potion of lignification {unknown}
 g - a potion of haste {unknown}
 n - a potion of curing

Dungeon Overview and Level Annotations

Branches:
Dungeon (4/15)
 Temple: D:4-7

Altars:
Makhleb
Sif Muna
Xom
Zin

Shops:
D:2 !


Message History

h - a scroll labelled YMIOXA BUARO
Found a scroll of vulnerability.
Found a stone staircase leading down.
You see here a scroll of vulnerability.
Found 3 poisoned darts.
A sourceless malevolence fills the Dungeon...
You fall into a shaft and drop 3 floors!
The shaft crumbles and collapses.
You hear the roar of battle.
There is an entrance to a bailey on this level.
Hurry and find it before the portal closes forever!
A steam dragon comes into view.
Waypoint 4 assigned to D:7.
The steam dragon hisses angrily.
The steam dragon breathes steam at you. The ball of steam hits you!!
Ouch! That really hurt!
2529 ||| DRINKING potion of heal wounds.
You feel much better.
You are engulfed in a cloud of scalding steam.
The steam dragon bites you.
The steam dragon claws you but does no damage.
You barely miss the steam dragon. The steam dragon barely misses you.
The steam dragon completely misses you.
You hit the steam dragon.
The steam dragon is lightly wounded.
The steam dragon closely misses you.
The steam dragon claws you but does no damage.
You barely miss the steam dragon.
The steam dragon is lightly wounded.
The steam dragon breathes steam at you. The ball of steam hits you.
The steam dragon barely misses you. x2
You slash the steam dragon!
The steam dragon is heavily wounded.
You are engulfed in a cloud of scalding steam.
The steam dragon bites you.
The steam dragon claws you but does no damage.
You hit the steam dragon.
The steam dragon is severely wounded.
You are engulfed in a cloud of scalding steam.
You die...

#. ..# ..# #.#
###.### .....#
#D#.# ###.@.#######
.#..###............
........##..######
.##.######.?# #..#
#..# ...# #..##
#..#


You could see a steam dragon.

Vanquished Creatures
  2 adders (D:2)
  An ufetubus (D:3)
  A worm (D:4)
  4 dart slugs
  6 ball pythons
  8 endoplasms
  3 giant cockroaches
  9 hobgoblins
  6 jackals (D:1)
  6 kobolds
  3 quokkas
  4 bats
  4 frilled lizards
  6 goblins
  A rat (D:3)
64 creatures vanquished.

Notes
Turn   | Place    | Note
-------+----------+-------------------------------------------
     0 | D:1      | qw the Gargoyle Fighter began the quest for the Orb.
     0 | D:1      | Reached XP level 1. HP: 14/14 MP: 1/1
     0 | D:1      | 0 ||| qw: Version: 0.3-a-41-g9d075ac
     0 | D:1      | 0 ||| qw: Game counter: 700
     0 | D:1      | 0 ||| qw: Melee chars always use a shield: true
     0 | D:1      | 0 ||| qw: God list: Okawaru
     0 | D:1      | 0 ||| qw: Allow faded altars: false
     0 | D:1      | 0 ||| qw: Do Orc after clearing Dungeon:15 true
     0 | D:1      | 0 ||| qw: Do second Lair branch before Depths: true
     0 | D:1      | 0 ||| qw: Lair rune preference: random
     0 | D:1      | 0 ||| qw: Goals: Normal, Zot:1-4, Slime:5, God:TSO, Crypt,
                  | Tomb, Abyss, Pan, Hells, Win
     0 | D:1      | 0 ||| PLANNING D:1-11
    25 | D:1      | Reached skill level 2 in Axes
    64 | D:1      | Reached XP level 2. HP: 13/19 MP: 2/2
   173 | D:1      | 173 ||| FLEEEEING.
   174 | D:1      | 174 ||| FLEEEEING.
   326 | D:1      | Reached skill level 3 in Axes
   336 | D:1      | Reached XP level 3. HP: 20/23 MP: 3/3
   348 | D:1      | 348 ||| UPGRADING to +5 ring of evasion.
   349 | D:1      | 349 ||| READING scroll labelled KANYCVECSI.
   350 | D:1      | 350 ||| READING scroll labelled FETHOZ YMAPU.
   351 | D:1      | 351 ||| READING scroll labelled ORUWKY IHANWE.
   352 | D:1      | 352 ||| READING scroll labelled ZUOKYOTRORR.
   369 | D:1      | 369 ||| DRINKING 2 fuming white potions.
   660 | D:1      | Found a faded altar of an unknown god.
   779 | D:1      | 779 ||| UPGRADING to ring of protection from fire.
  1003 | D:2      | Reached XP level 4. HP: 28/28 MP: 4/4
  1039 | D:2      | Reached skill level 4 in Axes
  1213 | D:2      | 1213 ||| Stepping ~*~*~tactically~*~*~ (hiding).
  1293 | D:2      | 1293 ||| Stepping ~*~*~tactically~*~*~ (stealth).
  1294 | D:2      | 1294 ||| Stepping ~*~*~tactically~*~*~ (stealth).
  1332 | D:2      | 1332 ||| Stepping ~*~*~tactically~*~*~ (stealth).
  1403 | D:2      | Found Jaebb's Distillery.
  1406 | D:2      | Identified the ring "Vavyru" {rN+ Str+2}
  1412 | D:2      | 1412 ||| BUYING potion of curing (42 gold).
  1412 | D:2      | Bought a potion of curing for 42 gold pieces
  1412 | D:2      | 1412 ||| SHOPLISTING potion of might (56 gold, have 35).
  1595 | D:2      | 1595 ||| UPGRADING to +4 ring of slaying {mikee}.
  1597 | D:2      | 1597 ||| DROPPING +4 ring of protection.
  1598 | D:2      | 1598 ||| DROPPING ring "Vavyru" {rN+ Str+2}.
  1599 | D:2      | 1599 ||| READING scroll labelled QUITUL UXTA.
  1600 | D:2      | 1600 ||| READING scroll labelled YCIZE LAEWN.
  1692 | D:3      | 1692 ||| DROPPING +0 whip.
  1730 | D:3      | Found a shimmering altar of Xom.
  1733 | D:3      | Found a shimmering blue altar of Sif Muna.
  1739 | D:3      | Found a glowing silver altar of Zin.
  1744 | D:3      | Found a burning altar of Makhleb.
  1891 | D:3      | 1891 ||| Stepping ~*~*~tactically~*~*~ (hiding).
  2037 | D:3      | 2037 ||| Stepping ~*~*~tactically~*~*~ (hiding).
  2038 | D:3      | 2038 ||| Stepping ~*~*~tactically~*~*~ (hiding).
  2405 | D:3      | 2405 ||| UPGRADING to +6 ring of strength.
  2407 | D:3      | 2407 ||| DROPPING ring of wizardry.
  2408 | D:3      | 2408 ||| DROPPING +4 ring of slaying {mikee}.
  2409 | D:3      | 2409 ||| READING scroll labelled ZECOCEMPYVA.
  2410 | D:3      | 2410 ||| READING scroll labelled XYSHEZAOGH.
  2411 | D:3      | 2411 ||| READING scroll labelled PACERA ACEBLOAL.
  2521 | D:4      | You fall into a shaft and drop 3 floors!
  2526 | D:7      | Noticed a steam dragon
  2528 | D:7      | HP: 6/28 [steam dragon/ball of steam (22)]
  2529 | D:7      | 2529 ||| DRINKING potion of heal wounds.
  2533 | D:7      | HP: 7/28 [steam dragon] (8)]
  2533 | D:7      | HP: 2/28 [steam dragon (5)]
  2534 | D:7      | Engulfed by a steam dragon's steam

Levels and vault maps discovered:
D:1:      lightli_arrival_boilingwater, layout_basic,
          chequers_ecumenical_altar_island, minmay_3d_cube
D:2:      layout_loops_ring, serial_shops,
          nicolae_shop_temple_entry_statues_fountains
D:3:      layout_loops_ring, nicolae_overflow_macrodata_refinement
D:4:      minmay_chambers_of_twos, layout_rooms, chequers_serial_rivers_room_b
D:7:      layout_loops_ring, serial_shops, nicolae_book_shop_shelving,
          enter_bailey_2

Skill      XL: |  1  2  3  4 |
---------------+-------------+-----
Axes           | 2 3 4 |  4.4
Fighting       | |  3.2
Armour         | |  3.2
Shields        | |  3.2

Action                     |  1- 3 |  4- 6 || total
---------------------------+-------+-------++-------
  Melee: War axe           |    96 |    72 ||   168
    Use: Scroll            |     4 |     5 ||     9
         Potion            |     1 |     1 ||     2
 Armour: Scale mail        |    51 |    27 ||    78
  Dodge: Dodged            |    79 |    53 ||   132
  Block: Buckler           |    24 |     8 ||    32

Table legend:
 A = Non-vault XP
 B = Vault XP
 C = Vault XP percentage of total XP
 D = Non-vault monster count
 E = Vault monster count
 F = Vault count percentage of total count
                 A         B        C        D         E       F
            +---------+---------+-------+---------+---------+-------
      Total |     142 |      10 |   6.6 |      58 |       6 |   9.4
            +---------+---------+-------+---------+---------+-------
        D:1 |      61 |      10 |  14.1 |      31 |       6 |  16.2
        D:2 |      46 |       0 |   0.0 |      14 |       0 |   0.0
        D:3 |      29 |       0 |   0.0 |      11 |       0 |   0.0
        D:4 |       6 |       0 |   0.0 |       2 |       0 |   0.0
            +---------+---------+-------+---------+---------+-------
